Match 38385048
Unlisted

Match 38385048
End
Construct Section Command Post
Infantry Section
Selects Air and Sea Battlegroup
Dingo Light Scout Car
Infantry Section
Infantry Section
Construct Platoon Command Post
Vickers Machine Gun Team
Selects Supply Surplus
Construct Field Infirmary
Infantry Training
Forward Retreat Point
Selects Commando Section Paradrop
Selects Commando Support Section Paradrop
Unlock M3 Stuart Light Tanks
Grenade Package
M3 Stuart Light Tank
6-pounder Anti-tank Gun Team
Unlock Bishop Self-propelled Artillery
Team Weapon Training
Bishop Self-propelled Artillery
Light Vehicle Training
Dingo Light Scout Car
Construct Company Command Post
Selects Anti-tank Rocket Loiter
Crusader II Medium Tank
Armored Vehicle Training
Selects Centaur Medium Tank
Matilda II Heavy Tank
6-pounder Anti-tank Gun Team
Construct Field Infirmary
Commando Support Section Paradrop
Crusader II Medium Tank
Royal Engineer Section
Selects Naval Bombardment
Royal Engineer Section
Anti-tank Rocket Loiter
Unlock M3 Grant Medium Tanks
M3 Grant Medium Tank
Anti-tank Rocket Loiter
M3 Grant Medium Tank
Foot Guards Section
Bishop Self-propelled Artillery
Construct Field Infirmary
Povke
只愛❤毛妹
0
0

Comments sign in to comment!

No comments posted yet!